 Dungeon Crawl Stone Soup version 0.30-a0-218-gedb9141078 (webtiles) character file.

Game seed: 5382281853454919517

19 Snarg the Conjurer (level 2, 17/17 HPs)
             Began as a Tengu Reaver on Oct 6, 2022.
             Was a Believer of Lugonu.
             Quit the game on level 1 of the Dungeon.
             The game lasted 00:02:24 (235 turns).

Snarg the Conjurer (Tengu Reaver)                    Turns: 235, Time: 00:02:24

Health: 17/17      AC:  3    Str: 12    XL:     2   Next: 75%
Magic:  6/6        EV: 11    Int: 13    God:    Lugonu [**....]
Gold:   25         SH:  0    Dex: 12    Spells: 4/5 levels left

rFire   . . .      SeeInvis .    a - +0 spear
rCold   . . .      Faith    .    (no shield)
rNeg    . . .      Spirit   .    b - +0 leather armour
rPois   .          Reflect  .    (helmet restricted)
rElec   .          Harm     .    (no cloak)
rCorr   .          Rampage  .    (no gloves)
Will    .....                    (boots unavailable)
Stlth   +.........               (no amulet)
HPRegen 0.22/turn                (no ring)
MPRegen 0.10/turn                (no ring)

@: no status effects
A: beak, talons 3
a: Renounce Religion, Depart the Abyss, Bend Space


You were on level 1 of the Dungeon.
You worshipped Lugonu.
Lugonu was pleased with you.
You visited 1 branch of the dungeon, and saw 1 of its levels.

You collected 25 gold pieces.

Inventory:

Hand Weapons
 a - a +0 spear (weapon)
Armour
 b - a +0 leather armour (worn)
Magical Staves
 c - a staff of air
Scrolls
 d - a scroll of identify {unknown}
 e - a scroll of amnesia {unknown}
 f - a scroll of brand weapon {unknown}
 g - a scroll of noise {unknown}


   Skills:
 - Level 2.0 Fighting
 + Level 3.8 Polearms
 + Level 2.2 Dodging
 - Level 1.0 Stealth
 - Level 2.0 Spellcasting
 + Level 4.3 Conjurations


You had 4 spell levels left.
You knew the following spells:

 Your Spells              Type           Power      Damage    Failure   Level
a - Kiss of Death         Conj/Necr      24%        2d7       13%         1

Your spell library contained the following spells:

 Spells                   Type           Power      Damage    Failure   Level
 Momentum Strike          Conj/Tloc      12%        3d8       21%         2
 Apportation              Tloc           2%         N/A       32%         1
 Necrotise                Necr           4%         1d4       32%         1
 Summon Small Mammal      Summ           4%         N/A       32%         1
 Hailstorm                Conj/Ice       6%         3d4       36%         3


Dungeon Overview and Level Annotations

Branches:
Dungeon (1/15)

Altars:
Lugonu

Shops:
D:1 (


Innate Abilities, Weirdness & Mutations

You have a beak for a mouth.
You have claws for feet.


Message History

Unknown command.
Unknown command.
Magic restored.
There is a corrupted altar of Lugonu here.
You now have 21 gold pieces (gained 15).
You open the door.
There is an open door here.
You open the door.
Found Woepsygasiyd's Antique Weapon Emporium.
Found a stone staircase leading down.
There is an open door here.
There is an entrance to Woepsygasiyd's Antique Weapon Emporium here.
Unknown command.
You open the large door.
There is a large open door here.
d - a scroll labelled YJOANE QOELYOG You now have 25 gold pieces (gained 4).
Found a leather armour.
Unknown command.
e - a scroll labelled MATOVV AFATT
Found a scale mail.
f - a scroll labelled FUVVYVAOWA
g - a scroll labelled LEZAIFR IMOMOI You open the door.
There is an open door here.
There is a large open door here.
There is an entrance to Woepsygasiyd's Antique Weapon Emporium here.
You can access your shopping list by pressing '$'.
Unknown command.
You open the large door.
There is a large open door here.
A kobold comes into view. It is wielding a +0 dagger of venom.
You reach to attack!
The helpless kobold fails to defend itself.
You hit the kobold.
You kill the kobold!
Lugonu accepts your kill.
Things that are here:
a +0 dagger of venom; 4 stones; a kobold corpse Are you sure you want to abandon this character and quit the game? (Confirm with "yes".)

## .. #.# #.# #.#
#.# ####.# #....#
#@#..#########
#.#..........#####
####''####.#......
+..>..∩..'.#..####
####''######......
#.......##).....
###+#.......##......
#.....#....###.†##'#
#....###..###..###.#


There were no monsters in sight!

Vanquished Creatures
  A gnoll (D:1)
  3 ball pythons (D:1)
  2 hobgoblins (D:1)
  2 kobolds (D:1)
8 creatures vanquished.

Notes
Turn   | Place    | Note
-------+----------+-------------------------------------------
     0 | D:1      | Snarg the Tengu Reaver began the quest for the Orb.
     0 | D:1      | Reached XP level 1. HP: 12/12 MP: 4/4
    48 | D:1      | Reached XP level 2. HP: 16/17 MP: 6/6
    78 | D:1      | Found a faded altar of an unknown god.
    96 | D:1      | Prayed at the altar of an unknown god.
    96 | D:1      | Became a worshipper of Lugonu the Unformed
    96 | D:1      | Reached * piety under Lugonu
    96 | D:1      | Reached ** piety under Lugonu
   103 | D:1      | Reached skill level 1 in Stealth
   141 | D:1      | Found Woepsygasiyd's Antique Weapon Emporium.
   235 | D:1      | Quit the game

Illustrated notes

Levels and vault maps discovered:
D:1:      matt_arrival_diagonals, layout_basic,
          nicolae_ecumenical_snake_handling, serial_shops,
          nicolae_shop_hallway_stairs

Skill      XL: |  1  2 |
---------------+-------+-----
Stealth        | 1 |  1.0
Fighting       | |  2.0
Polearms       | |  3.8
Dodging        | |  2.2
Spellcasting   | |  2.0
Conjurations   | |  4.3

Action                   || total
-------------------------++-------
Melee: Spear             ||    22
       Kick              ||     6
       Peck              ||     4
Invok: Bend Space        ||     1
 Stab: Sleeping          ||     1
Armor: Leather armour    ||     3
Dodge: Dodged            ||    10

Table legend: (Time is in decaauts)
 A = Elapsed time spent in this place.
 B = Non-inter-level travel time spent in this place.
 C = Inter-level travel time spent in this place.
 D = Time resting spent in this place.
 E = Time spent auto-exploring this place.
 F = Levels seen in this place.
 G = Mean time per level.
                   A        B        C        D        E       F      G
               +--------+--------+--------+--------+--------+-----+--------+
         Total |    233 |    206 |     27 |      3 |    131 |   1 |  233.0 |
       Dungeon |    233 |    206 |     27 |      3 |    131 |   1 |  233.0 |
               +--------+--------+--------+--------+--------+-----+--------+

Top non-repeatable levels by time:
     D:1: 233 daAuts
